 Dungeon Crawl Stone Soup version 0.25.1-9-gc5326a611f (webtiles) character file.

Game seed: 2838668482441721191

65 Goreval the Sneak (level 4, -4/27 HPs)
             Began as an Octopode Wizard on Jan 1, 2021.
             Slain by an orc wizard
             ... wielding a +0 dagger
              (5 damage)
             ... on level 3 of the Dungeon.
             The game lasted 00:03:12 (2696 turns).

Goreval the Sneak (Octopode Wizard)                 Turns: 2696, Time: 00:03:13

Health: -4/27      AC:  1    Str:  6    XL:     4   Next: 14%
Magic:  5/9        EV: 13    Int: 21    God:
Gold:   109        SH:  0    Dex: 10    Spells: 1/9 levels left

rFire    . . .     SeeInvis .   l - +0 dagger
rCold    . . .     Gourm    .   (no shield)
rNeg     . . .     Faith    .   a - +0 hat
rPois    .         Spirit   .   (no amulet)
rElec    .         Reflect  .   (no ring)
rCorr    .         Harm     .   (no ring)
MR       .....                  (no ring)
Stlth    +++.......             (no ring)
HPRegen  0.09/turn              (no ring)
MPRegen  0.11/turn              (no ring)
                                (no ring)
                                (no ring)

@: very slightly contaminated, slowed, very slow
A: almost no armour, stealthy swim, amphibious, 8 rings, constrict 8, camouflage
1, gelatinous body 1
a: no special abilities


You were on level 3 of the Dungeon.
You were not hungry.

You visited 1 branch of the dungeon, and saw 3 of its levels.

You collected 109 gold pieces.

Inventory:

Hand Weapons
 l - a +0 dagger (weapon)
Missiles
 b - 101 stones (quivered)
Armour
 a - a +0 hat (worn)
Scrolls
 h - a scroll of blinking {unknown}
 i - a scroll of random uselessness {unknown}
 j - a scroll of teleportation {unknown}
 k - 2 scrolls of remove curse {unknown}
 m - 2 scrolls of amnesia {unknown}
Potions
 d - a potion of brilliance {unknown}
 e - a potion of magic {unknown}
 f - 2 potions of haste {unknown}
 g - 2 potions of lignification {unknown}
 o - a potion of flight {unknown}
 p - a potion of resistance {unknown}
 q - a potion of might
 r - a potion of stabbing {unknown}
Comestibles
 c - 7 rations


   Skills:
 + Level 2.5 Dodging
 + Level 3.6 Stealth
 + Level 3.3 Spellcasting
 * Level 2.5 Conjurations
 - Level 1.0 Summonings
 - Level 1.0 Translocations


You had one spell level left.
You knew the following spells:

 Your Spells              Type           Power        Failure   Level  Hunger
a - Magic Dart            Conj           ##..         4%          1    None
c - Conjure Flame         Conj/Fire      #.......     22%         3    ###....
n - Blink                 Tloc           N/A          13%         2    ##.....
z - Call Imp              Summ           #.......     13%         2    ##.....

Your spell library contained the following spells:

 Spells                   Type           Power        Failure   Level  Hunger
 Slow                     Hex            #.......     19%         2    ##.....
 Mephitic Cloud           Conj/Pois/Air  #.......     26%         3    ###....


Dungeon Overview and Level Annotations

Branches:
Dungeon (3/15)

Altars:
The Shining One


Innate Abilities, Weirdness & Mutations

You cannot wear most types of armour.
You are very stealthy in the water. (Stealth+)
You are amphibious.
You can wear up to eight rings at the same time.
You can use your tentacles to constrict eight enemies at once.
Your skin changes colour to match your surroundings (Stealth+).
Your rubbery body absorbs attacks. (AC +1, EV +1)


Message History

The orc wizard casts a spell at you. The magic dart hits you.
* * * LOW HITPOINT WARNING * * *
The orc priest calls upon Beogh to heal the orc wizard.
The orc wizard is healed somewhat.
Unknown command.
The orc wizard misses you.
Aim: an orc wizard, wielding a +0 dagger and wearing a +0 robe (strong)
The magic dart hits the orc wizard.
The orc wizard barely misses you. The orc priest barely misses you.
Aim: an orc wizard, wielding a +0 dagger and wearing a +0 robe (lightly wounded, strong)
You miscast Magic Dart.
You are very lightly contaminated with residual magic.
Nothing appears to happen.
The orc wizard gestures at you while chanting.
The magic dart hits you.
* * * LOW HITPOINT WARNING * * *
The orc priest looks satisfied for a moment.
The orc wizard hits you with a +0 dagger.
You die...

.##.##.#.##......###)......#
.##.##.#.##.#..[.# #.#####.#
.#..##.#.........###.#####.###.
.#.###.#####...####............
......^# #...# #..##.##.##.
##.##### #...# #..##.##.# #.#
#...# #.......o##.# #.#
###)..####.###.##....# #.#
.......@o...##......o# #.#
........o...##.##...... ...
............##.# ..##. #.
###...########.# o# #... #.# #
#... ... #.. ..# #.. #.#


You could see an orc priest and an orc wizard (strong).

Vanquished Creatures
  2 dart slugs (D:1)
  3 leopard geckos
  7 bats
  4 giant cockroaches
  7 goblins
  5 hobgoblins
  4 jackals (D:2)
  2 quokkas (D:2)
  7 frilled lizards
  7 kobolds
  8 rats
56 creatures vanquished.

Vanquished Creatures (others)
  A goblin (D:3)
  A quokka (D:3)
2 creatures vanquished.

Grand Total: 58 creatures vanquished

Notes
Turn   | Place    | Note
-------+----------+-------------------------------------------
     0 | D:1      | Goreval the Octopode Wizard began the quest for the Orb.
     0 | D:1      | Reached XP level 1. HP: 11/11 MP: 4/4
   265 | D:1      | Reached XP level 2. HP: 17/17 MP: 3/6
   273 | D:1      | Learned a level 2 spell: Blink
   276 | D:1      | Learned a level 2 spell: Call Imp
   926 | D:1      | Reached XP level 3. HP: 21/21 MP: 4/7
   931 | D:1      | Learned a level 3 spell: Conjure Flame
  2382 | D:3      | Found a glowing golden altar of the Shining One.
  2393 | D:3      | Reached XP level 4. HP: 27/27 MP: 5/8
  2696 | D:3      | HP: 1/27 [orc wizard/magic dart (6)]
  2696 | D:3      | Slain by an orc wizard

Illustrated notes

Levels and vault maps discovered:
D:1:      erik_arrival_orb_chamber, layout_rooms, minmay_misc_feat_five
D:2:      layout_basic
D:3:      cheibrodos_greedy_goblins, layout_loops_cross, tso_oasis_becter,
          elyvilon_altar_4, uniq_robin

Skill      XL: |  1  2  3 |
---------------+----------+-----
Stealth        | 3 |  3.6
Conjurations   | 2 |  2.5
Dodging        | |  2.5
Spellcasting   | |  3.3
Summonings     | |  1.0
Translocations | |  1.0

Action                   |  1- 3 |  4- 6 || total
-------------------------+-------+-------++-------
Melee: Unarmed           |    28 |       ||    28
       Constrict         |     8 |       ||     8
       Tentacles         |     4 |       ||     4
 Cast: Magic Dart        |   100 |    18 ||   118
  Eat: Chunk             |     4 |     1 ||     5
Armor: Skin              |     2 |     1 ||     3
Dodge: Dodged            |    35 |     5 ||    40
